 Dungeon Crawl Stone Soup version 0.26.0-91-g99b343417d (webtiles) character file.

Game seed: 14361850239585919065

3124 Majorwet the Grappler (level 9, 0/65 (68) HPs)
             Began as a Demonspawn Berserker on Feb 3, 2021.
             Was an Elder of Trog.
             Slain by a sun demon (18 damage)
             ... summoned by an obsidian statue
             ... on level 7 of the Dungeon.
             The game lasted 00:27:39 (12278 turns).

Majorwet the Grappler (Demonspawn Berserker)       Turns: 12278, Time: 00:27:40

HP:   0/65 (68)     AC: 21    Str: 20    XL:     9   Next: 61%
MP:   9/9           EV: 11    Int:  9    God:    Trog [****..]
Gold: 527           SH:  0    Dex: 13    Spells: 8/8 levels left

rFire    . . .     SeeInvis .     - Unarmed
rCold    . . .     Faith    .   m - +0 buckler
rNeg     . . .     Spirit   .   a - +1 scale mail {Will+}
rPois    .         Reflect  +   x - +0 helmet
rElec    .         Harm     .   q - +0 cloak
rCorr    +         Rampage  .   (no gloves)
Will     +++..                  C - +0 pair of boots
Stlth    ..........             t - amulet of reflection
HPRegen  1.20/turn              d - ring of wizardry
MPRegen  0.11/turn              D - ring of resist corrosion

@: confused, sanguine armour, berserk cooldown, regenerating, hasted, lightly
drained, very quick
A: miasma immunity, sanguine armour 2
a: Renounce Religion, Berserk, Trog's Hand, Brothers in Arms


You were on level 7 of the Dungeon.
You worshipped Trog.
Trog was greatly pleased with you.
You visited 1 branch of the dungeon, and saw 7 of its levels.
You also visited: Sewer.

You collected 527 gold pieces.

Inventory:

Hand Weapons
 u - a +0 short sword
Armour
 a - a +1 scale mail of willpower (worn)
 m - a +0 buckler (worn)
 n - a +0 plate armour
 q - a +0 cloak (worn)
 x - a +0 helmet (worn)
 C - a +0 pair of boots (worn)
Jewellery
 d - a ring of wizardry (left hand)
 t - an amulet of reflection (around neck)
 D - a ring of resist corrosion (right hand)
Wands
 p - a wand of polymorph (14) (quivered)
 v - a wand of random effects (44)
 y - a wand of flame (16)
Scrolls
 b - 3 scrolls of fear
 c - 4 scrolls of noise
 e - 3 scrolls of teleportation
 g - 2 scrolls of blinking
 h - 8 scrolls of remove curse
 k - a scroll of random uselessness
 l - 2 scrolls of identify
 o - a scroll of immolation
 r - 2 scrolls of enchant armour
 w - a scroll of amnesia
 B - a scroll of fog {unknown}
Potions
 z - a potion of haste
 A - a potion of cancellation


   Skills:
 * Level 5.6 Fighting
 - Level 1.1 Short Blades
 * Level 6.7 Armour
 + Level 2.7 Dodging
 + Level 2.9 Shields
 * Level 8.6 Unarmed Combat
 * Level 2.8 Evocations


You had 8 spell levels left.
You didn't know any spells.
Your spell library was empty.

Dungeon Overview and Level Annotations

Branches:
Dungeon (7/15)             Temple (0/1) D:7           Sewer (visited)

Altars:
Ashenzari
Dithmenos
Elyvilon
Hepliaklqana
Nemelex Xobeh
Ru
Zin

Annotations:
D:7 exclusion: obsidian statue


Innate Abilities, Weirdness & Mutations

You are immune to miasma.
When seriously injured, your bleeding wounds create thick armour. (AC +9)


Message History

Press: ? - help, v - describe, . - travel
Here: an obsidian statue (lightly damaged)
The floor.
Unknown command.
You are confused.
You feel invigorated.
The shadow imp hits you but does no damage.
The crimson imp completely misses you.
The crimson imp hits you but does no damage.
The sun demon misses you.
You punch the obsidian statue!
The obsidian statue is moderately damaged.
You feel yourself speed up.
The orange demon stings you but does no damage.
The shadow imp hits you but does no damage.
The crimson imp closely misses you. The crimson imp hits you.
The sun demon hits you!
* * * LOW HITPOINT WARNING * * *
You are engulfed in flames!!
You die...

≈(..................#
≈####################
## # ###### ##
##≈))=# ≈### ##≈≈|[=#
≈≈≈## #≈≈≈4..#
≈≈≈≈#### ##≈533.#*
#≈≈≈≈≈≈## ###≈≈5@8#*
##≈≈≈≈≈≈###≈≈≈≈5###
###≈≈≈≈≈≈≈≈≈≈≈##
###≈≈≈≈≈≈≈###
###≈≈≈### #####


You could see an obsidian statue, a sun demon (summoned), an orange demon
(summoned), a sixfirhy (summoned), 2 crimson imps and a shadow imp (summoned).

Vanquished Creatures
  Pikel (D:5)
  2 water moccasins
  An orc warrior (D:7)
  2 phantoms (D:4)
  A sky beast (D:7)
  2 ice beasts
  A tengu (D:5)
  2 ogres
  A centaur (D:7)
  The ghost of Gnirx the Digger, an amateur GrEE (D:3)
  2 big kobolds
  A scorpion (D:5)
  5 killer bees (D:7)
  An electric eel (D:7)
  5 wights (D:7)
  3 howler monkeys
  2 jellies (D:5)
  An orc priest (D:2)
  A bullfrog skeleton (D:4)
  Ijyb (D:4)
  A centaur skeleton (D:4)
  Jessica (D:2)
  An iguana (D:7)
  4 orc wizards
  3 worker ants
  3 gnolls (D:4)
  16 adders
  A river rat (D:6)
  2 shadow imps
  A white imp (D:5)
  An adder skeleton (D:5)
  3 worms
  4 dart slugs
  6 leopard geckos
  13 orcs
  2 ball pythons
  15 bats
  5 giant cockroaches
  12 hobgoblins
  15 jackals
  6 frilled lizards
  14 goblins
  15 kobolds
  A leopard gecko zombie (D:5)
  7 rats
188 creatures vanquished.

Notes
Turn   | Place    | Note
-------+----------+-------------------------------------------
     0 | D:1      | Majorwet the Demonspawn Berserker began the quest for the
                  | Orb.
     0 | D:1      | Reached XP level 1. HP: 18/18 MP: 1/1
     3 | D:1      | Noticed an electric eel
     4 | D:1      | Noticed an electric eel
   307 | D:1      | Reached skill level 3 in Unarmed Combat
   307 | D:1      | Gained mutation: You are immune to miasma. [demonic
                  | ancestry]
   307 | D:1      | Reached XP level 2. HP: 24/24 MP: 2/2
  1501 | D:1      | Reached ** piety under Trog
  1502 | D:1      | Reached XP level 3. HP: 17/29 MP: 3/3
  3437 | D:2      | Reached XP level 4. HP: 22/35 MP: 4/4
  4024 | D:2      | Noticed Jessica
  4030 | D:2      | Killed Jessica
  4031 | D:2      | Reached skill level 4 in Unarmed Combat
  4372 | D:2      | Found a faded altar of an unknown god.
  4391 | D:2      | Gained mutation: When seriously injured, your bleeding
                  | wounds create armour. (AC +9) [demonic ancestry]
  4391 | D:2      | Reached XP level 5. HP: 42/42 MP: 5/5
  4498 | D:2      | Noticed an ogre
  4507 | D:2      | Killed an ogre
  4510 | D:2      | Reached XP level 6. HP: 32/48 MP: 6/6
  5446 | D:3      | Found a shadowy altar of Dithmenos.
  5740 | D:3      | Reached skill level 5 in Unarmed Combat
  6212 | D:3      | Found a runed translucent gate.
  6212 | D:3      | Found a runed translucent gate.
  6216 | D:3      | Found a runed translucent gate.
  6217 | D:3      | Noticed Gnirx's ghost (amateur GrEE)
  6232 | D:3      | Killed Gnirx's ghost
  6328 | D:3      | Reached *** piety under Trog
  6635 | D:4      | Reached XP level 7. HP: 15/54 MP: 7/7
  7243 | D:4      | Reached skill level 6 in Unarmed Combat
  7576 | D:4      | Noticed Ijyb
  7588 | D:4      | Killed Ijyb
  7851 | D:5      | Entered Level 5 of the Dungeon
  7947 | D:5      | Reached XP level 8. HP: 36/61 MP: 8/8
  8217 | D:5      | Reached skill level 1 in Short Blades
  8217 | D:5      | Reached skill level 1 in Shields
  8242 | D:5      | Reached **** piety under Trog
  8262 | D:5      | Reached skill level 5 in Armour
  8833 | D:5      | Noticed Pikel
  8852 | D:5      | HP: 3/61 [Pikel/+2 whip of electrocution (14)]
  8865 | D:5      | Killed Pikel
  8866 | D:5      | Reached skill level 7 in Unarmed Combat
  8866 | D:5      | Reached skill level 1 in Evocations
  8956 | D:5      | Reached skill level 5 in Fighting
  9477 | D:6      | Found a broken altar of Ashenzari.
  9504 | D:6      | Found a glowing drain.
  9547 | Sewer    | Entered a sewer
  9644 | Sewer    | Gained mutation: When seriously injured, your bleeding
                  | wounds create thick armour. (AC +9) [demonic ancestry]
  9644 | Sewer    | Reached XP level 9. HP: 68/68 MP: 9/9
 10207 | D:7      | Reached skill level 8 in Unarmed Combat
 10375 | D:7      | HP: 3/68 [killer bee (4)]
 10380 | D:7      | HP: 3/68 [poisoned by a killer bee]
 10757 | D:7      | Found a staircase to the Ecumenical Temple.
 11079 | D:7      | Found a sparkling altar of Nemelex Xobeh.
 11080 | D:7      | Found a hazy altar of Hepliaklqana.
 11081 | D:7      | Found a white marble altar of Elyvilon.
 11087 | D:7      | Found a glowing silver altar of Zin.
 12148 | D:7      | Found a sacrificial altar of Ru.
 12261 | D:7      | Noticed an obsidian statue
 12273 | D:7      | Noticed a sixfirhy
 12275 | D:7      | Noticed a sun demon
 12275 | D:7      | Noticed an orange demon
 12278 | D:7      | Slain by a sun demon

Illustrated notes

Levels and vault maps discovered:
D:1:      arrival_aquarium_b, layout_basic, minmay_tripent
D:2:      layout_loops_corners, chequers_ecumenical_altar_simple_redux,
          uniq_jessica
D:3:      lemuel_upstairs_altar, layout_loops_cross, ebering_ghost_rock_garden,
          grunt_dithmenos_smoke_and_mirrors
D:4:      kennysheep_goblin_castle, layout_rooms
D:5:      minmay_chambers_of_fours, layout_loops_ring, uniq_pikel
D:6:      layout_rooms, basic_altar, portal_sewer_entry_c
D:7:      statuecave_lemuel, layout_layer_cave, grunt_temple_overflow_open,
          minmay_temple_entry_ruins, enter_bailey_4, minmay_misc_feat_chi,
          nicolae_ru_path_of_blood

Skill      XL: |  1  2  3  4  5  6  7  8  9 |
---------------+----------------------------+-----
Unarmed Combat | 3 4 5 6 7 8 |  8.6
Armour         | 2 3 4 5 6 |  6.7
Dodging        | 2 |  2.7
Fighting       | 4 5 |  5.6
Short Blades   | 1 |  1.1
Shields        | 2 |  2.9
Evocations     | 2 |  2.8

Action                   |  1- 3 |  4- 6 |  7- 9 || total
-------------------------+-------+-------+-------++-------
Melee: Unarmed           |   175 |   247 |   426 ||   848
       Punch             |     2 |       |       ||     2
Invok: Berserk           |     3 |     9 |     9 ||    21
       Trog's Hand       |       |     1 |     5 ||     6
Evoke: Wand              |       |       |     6 ||     6
  Use: Scroll            |       |     3 |    16 ||    19
       Potion            |       |       |     8 ||     8
Armor: Animal skin       |    31 |       |       ||    31
       Plate armour      |    23 |   145 |   304 ||   472
       Scale mail        |       |       |    40 ||    40
Dodge: Dodged            |   117 |    58 |   161 ||   336
Block: Buckler           |     1 |    27 |   238 ||   266
       Reflection        |       |       |     4 ||     4
